Map: Torres Crepusculares

Players

TheZergLord - Winner!

  • Race: Zerg Zerg
  • League: Master

Goronox

  • Race: Terran Terran
  • League: Diamond

VOD

Have the link to the VOD?

Description

Time

  • Played on: May 24, 2016, 6:41 p.m.
  • Length: 11:04
Show
View Real Time Build Order
Export as new Build Order

TheZergLord Zerg - Winner!

Build Orders: Hatch First, Muta Ling Bane 

Get SALT Encoding   

  12  0:01  Drone  
  13  0:12  Overlord  
  13  0:17  Drone  
  14  0:30  Drone x2  
  14  0:34  Drone  
  17  0:53  Hatchery  
  17  0:55  Drone  
  17  1:09  Spawning Pool  
  16  1:11  Drone  
  16  1:16  Extractor  
  16  1:18  Drone  
  17  1:21  Drone  
  18  1:28  Drone  
  19  1:40  Overlord  
  19  1:56  Queen, Zergling x2  
  19  2:00  Zergling x2  
  23  2:05  Queen  
  23  2:06  Zergling x2  
  26  2:17  Metabolic Boost  
  26  2:20  Drone x2  
  26  2:22  Drone  
  29  2:32  Drone x2  
  30  2:37  Drone  
  31  2:47  Hatchery  
  30  2:58  Queen, Overlord  
  32  3:08  Drone x3  
  35  3:14  Overlord  
  35  3:19  Drone  
  36  3:20  Drone x3  
  36  3:21  Drone x2  
  36  3:25  Drone  
  42  3:32  Drone  
  43  3:39  Queen x2, Drone  
  48  3:43  Overlord  
  48  3:47  Overlord  
  48  3:50  Drone x2  
  48  3:53  Drone  
  48  3:55  Drone  
  52  4:01  Queen  
  54  4:07  Drone  
  54  4:08  Drone x4  
  59  4:12  Overlord  
  59  4:24  Overlord  
  59  4:25  Lair  
  59  4:26  Drone x5  
  64  4:34  Overlord  
  64  4:35  Drone x4  
  68  4:42  Baneling Nest  
  68  4:43  Zergling x6  
  68  4:44  Evolution Chamber, Zergling x2  
  69  4:46  Zergling x2  
  69  4:52  Overlord  
  70  4:54  Extractor  
  70  4:55  Drone, Extractor  
  70  4:57  Zergling x8  
  73  5:08  Overlord  
  73  5:10  Drone x2  
  73  5:11  Drone x5  
  80  5:16  Zergling x8  
  80  5:17  Zergling x2  
  85  5:26  Overlord  
  85  5:27  Zerg Ground Armor Level 1  
  85  5:29  Baneling  
  85  5:30  Zergling x2  
  85  5:31  Zergling x4  
  88  5:36  Baneling x2  
  88  5:37  Baneling  
  88  5:38  Zergling x4  
  88  5:40  Zergling x6  
  77  5:51  Zergling x12  
  79  6:03  Drone x5  
  84  6:04  Centrifical Hooks  
  84  6:10  Drone x4  
  88  6:12  Extractor  
  88  6:14  Hatchery  
  86  6:27  Extractor  
  86  6:28  Drone x3, Extractor  
  86  6:30  Drone  
  86  6:32  Spire  
  87  6:34  Hatchery  
  86  6:42  Overlord  
  85  6:49  Zergling x14  
  91  7:00  Zergling x2  
  91  7:01  Zergling x14  
  96  7:03  Evolution Chamber  
  98  7:17  Hatchery  
  98  7:18  Drone x3  
  98  7:19  Drone  
  98  7:21  Baneling x3  
  98  7:22  Baneling x3  
  101  7:23  Pneumatized Carapace  
  101  7:24  Overseer  
  101  7:26  Overlord x2  
  101  7:27  Zergling x8  
  101  7:28  Zergling x6  
  101  7:29  Zerg Ground Armor Level 2  
  108  7:30  Zerg Melee Weapons Level 1  
  108  7:41  Zergling x12  
  108  7:42  Hatchery, Zergling x6  
  116  7:47  Mutalisk x2  
  120  7:56  Queen  
  122  7:59  Mutalisk x5  
  122  8:04  Zergling x2  
  122  8:05  Zergling x18  
  141  8:08  Baneling  
  141  8:09  Baneling x6  
  141  8:11  Overlord  
  141  8:17  Overlord  
  141  8:18  Overlord  
  141  8:28  Baneling x10  
  124  8:55  Drone x12  
  130  8:57  Drone x4  
  130  8:58  Queen, Drone x3, Extractor  
  130  8:59  Extractor  
  130  9:02  Queen  
  138  9:04  Drone  
  138  9:05  Infestation Pit  
  132  9:16  Zergling x2  
  118  9:17  Zergling x30  
  127  9:30  Zergling x2  
  127  9:31  Zergling x22  
  139  9:43  Baneling x10  
  139  9:46  Hive  
  139  9:47  Pathogen Glands  
  139  9:52  Mutalisk x3  
  145  10:00  Mutalisk x4  
  145  10:01  Mutalisk  
  145  10:03  Mutalisk  
  157  10:07  Zergling x10  
  157  10:08  Zergling x2  
  163  10:17  Zergling x10  
  163  10:18  Zergling x12  
  160  10:36  Zergling x24  
  160  10:37  Zergling x16  
Show
View Real Time Build Order
Export as new Build Order

Goronox Terran 

Build Orders: Reaper Expand, MMM Bio 

Get SALT Encoding   

  12  0:01  SCV  
  13  0:13  SCV  
  14  0:17  Supply Depot  
  14  0:25  SCV  
  15  0:39  SCV  
  15  0:40  Barracks  
  16  0:46  Refinery  
  16  0:51  SCV  
  17  1:05  SCV  
  18  1:18  SCV  
  19  1:29  Reaper  
  19  1:30  Orbital Command  
  20  1:42  Command Center  
  20  1:51  Supply Depot  
  20  1:54  Refinery  
  20  1:56  SCV  
  21  2:02  Barracks Reactor  
  21  2:14  Barracks  
  21  2:31  Factory  
  21  2:39  SCV  
  22  2:51  SCV  
  23  2:52  Marine  
  23  2:53  Marine  
  23  2:55  SCV  
  26  3:10  Barracks Tech Lab  
  26  3:12  SCV  
  27  3:16  Orbital Command  
  27  3:17  Marine x2  
  29  3:23  Factory Reactor  
  29  3:24  SCV  
  30  3:30  Starport  
  30  3:33  Stimpack  
  30  3:36  Marine x3  
  33  3:44  SCV x2  
  35  3:48  Supply Depot  
  35  3:53  Marine  
  35  3:59  Marine x2  
  35  4:00  Hellion x2  
  41  4:09  Medivac  
  43  4:13  Armory  
  43  4:14  SCV x2  
  45  4:18  Refinery  
  45  4:23  Supply Depot  
  45  4:26  Hellion  
  45  4:30  SCV x2  
  49  4:40  Hellion  
  49  4:45  SCV x2  
  53  4:46  Engineering Bay  
  55  4:52  Marine  
  55  4:53  Marine x2, Hellion  
  58  5:04  Hellion  
  60  5:08  Supply Depot  
  60  5:10  Marine  
  60  5:14  SCV x2  
  63  5:20  Medivac  
  65  5:25  Supply Depot  
  65  5:26  SCV  
  66  5:34  Combat Shields  
  53  5:57  Marine x3  
  53  5:58  Hellion  
  44  6:06  Hellion  
  44  6:11  Terran Infantry Weapons Level 1  
  46  6:14  Marine  
  46  6:15  Marine  
  46  6:16  Barracks  
  46  6:17  Command Center  
  46  6:18  Barracks  
  47  6:19  Medivac  
  47  6:20  SCV x2  
  51  6:27  Missile Turret  
  51  6:30  Missile Turret  
  51  6:31  Marine  
  51  6:32  SCV x2, Refinery  
  54  6:52  Hellion  
  54  6:53  Hellion  
  58  6:55  Starport Reactor  
  58  6:59  Marine  
  58  7:00  Marine x2  
  61  7:09  Armory, Engineering Bay  
  61  7:10  Barracks Reactor  
  61  7:11  Barracks Reactor  
  61  7:14  SCV x2, Factory  
  63  7:26  SCV x2, Marine x3  
  63  7:27  Hellion x2  
  72  7:31  Orbital Command  
  72  7:33  Medivac x2  
  76  7:38  SCV x2  
  76  7:41  Terran Infantry Armor Level 1  
  78  7:55  SCV x2  
  78  7:58  Marine  
  81  7:59  Marine x3  
  81  8:04  Hellion x2  
  88  8:08  Factory Tech Lab  
  88  8:18  Marine x2  
  88  8:19  Marine x5  
  95  8:31  Hellion x3  
  101  8:43  Marine x3  
  101  8:44  Marine x2  
  101  8:46  Marine x2  
  101  8:47  SCV x3  
  78  8:58  Hellion  
  78  8:59  Hellion x2  
  78  9:01  Marine x3  
  78  9:02  Marine x2  
  87  9:03  Marine x2  
  88  9:18  Marine x2  
  88  9:19  Marine  
  88  9:20  Hellion x2  
  88  9:21  Marine x3  
  75  9:26  Marine  
  75  9:27  SCV x3  
  78  9:36  Marine x2  
  78  9:38  Marine  
  80  9:39  SCV x3, Marine  
  80  9:42  Medivac  
  87  9:46  Refinery  
  87  9:50  Refinery  
  87  9:54  Hellion  
  87  9:59  Marine x3  
  92  10:09  Marine x4  
  96  10:20  Marine x3  
  99  10:27  Marine  
  76  10:38  Marine  
  76  10:39  Marine  
  76  10:40  Marine x4  
  76  10:42  SCV, Hellion x3  
  73  10:43  SCV  
  73  10:45  Marine  
Tags
 
Add a new tag
Caveats
  • Supply blocks, unpowered buildings, or Contaminate may cause inaccurate times.
  • Supply counts are checked every 10 seconds.